 Dungeon Crawl Stone Soup version 0.18.1-48-g4cf74bf (webtiles) character file.

57 MistressOfTheDunes the Insei (level 3, -8/29 HPs)
             Began as a Mummy Monk on July 19, 2016.
             Mangled by a gnoll
             ... wielding a cursed -2 halberd
              (13 damage)
             ... on level 1 of the Dungeon.
             The game lasted 00:02:37 (1979 turns).

MistressOfTheDunes the Insei (Mummy Monk)           Turns: 1979, Time: 00:02:38

Health: -8/29      AC:  0    Str: 14    XL:     3   Next: 73%
Magic:  3/3        EV: 13    Int:  9    God:
Gold:   38         SH:  0    Dex: 15    Spells: 0 memorised, 2 levels left

rFire  x . .     SeeInvis .       - Unarmed
rCold  + . .     Gourm    .     (no armour)
rNeg   + + +     Faith    .     (no shield)
rPois  ∞         Spirit   .     (no helmet)
rElec  .         Dismiss  .     (no cloak)
rCorr  .         Reflect  .     (no gloves)
SustAt .         Harm     .     (no boots)
MR     .....                    (no amulet)
Stlth  ++........               (no ring)
                                (no ring)

@: not resistant to hostile enchantments, unstealthy
A: no food or potions, fire vulnerability, cold resistance 1, negative energy
resistance 3, torment resistance, unbreathing
a: no special abilities


You were on level 1 of the Dungeon.
You were not hungry.

You visited 1 branch of the dungeon, and saw 2 of its levels.

You collected 38 gold pieces.


Innate Abilities, Weirdness & Mutations

You do not eat or drink.
Your flesh is vulnerable to fire.
You are immune to poison.
Your flesh is cold resistant.
You are immune to negative energy.
You are immune to unholy pain and torment.
You can survive without breathing.


   Skills:
 - Level 3.0 Fighting
 - Level 2.4 Dodging
 - Level 1.5 Stealth
 + Level 4.5 Unarmed Combat


You had 2 spell levels left.
You didn't know any spells.

Inventory:

Scrolls
 a - 2 scrolls of noise {unknown}
 b - a scroll of fog {unknown}
 c - 2 scrolls of remove curse {unknown}
 d - a scroll of random uselessness {unknown}
 e - 2 scrolls of identify {unknown}
 f - a scroll of enchant weapon {unknown}
 g - a scroll of magic mapping {unknown}
 h - a scroll of immolation {unknown}

Dungeon Overview and Level Annotations

Branches:
Dungeon (2/15)

Altars:

▒.▒ ▒.▒.▒ ▒..........▒▒....
▒.▒▒▒.▒.▒▒ ▒..........▒▒....
▒.▒......▒ ▒▒▒▒▒▒▒▒▒▒▒▒▒....
▒.▒......▒ ▒............
▒.▒......▒▒▒▒▒▒▒▒▒▒............
▒.▒..........▒...▒▒.....(...)▒▒
▒.▒▒▒.▒+▒....▒...▒▒.........†▒
▒.▒ ▒.▒.▒....▒.).▒▒..........▒
▒.▒ ▒.▒.▒....▒M..▒▒..........▒▒
▒.▒▒▒.▒........g...............
▒▒▒.▒...▒........................
......▒......(........▒▒▒▒▒▒▒▒...
......▒▒▒▒...▒▒.......▒ ▒...
......▒ ▒...▒▒.......▒ ▒...
......▒ ▒...▒▒.......▒ ▒...
......▒ ▒...▒▒.......▒ ▒...
......▒ ▒...▒▒.......▒ ▒...


You could see a gnoll.


Message History

You climb upwards!
There is a stone staircase leading down here!
You pummel the gnoll like a punching bag!!!
The gnoll is heavily wounded!
You closely miss the gnoll!
The gnoll is heavily wounded!
The gnoll hits you with a halberd!!! * * * don't die
* * * You are too injured to fight recklessly!!!
You are too injured to fight recklessly!!!
You are too injured to fight recklessly!!!
You are too injured to fight recklessly!!!
You are too injured to fight recklessly!!!
You are too injured to fight recklessly!!!
You are too injured to fight recklessly!!!
You are too injured to fight recklessly!!!
You are too injured to fight recklessly!!!
You are too injured to fight recklessly!!!
You are too injured to fight recklessly!!!
You are too injured to fight recklessly!!!
You are too injured to fight recklessly!!!
You are too injured to fight recklessly!!!
You are too injured to fight recklessly!!!
You are too injured to fight recklessly!!!
You are too injured to fight recklessly!!!
You are too injured to fight recklessly!!!
You closely miss the gnoll!
The gnoll is heavily wounded!
The gnoll hits you with a halberd!!! rip

Action                   || total
-------------------------++-------
Melee: Unarmed           ||    97
       Punch             ||     2
 Stab: Sleeping          ||     7
Dodge: Dodged            ||   105

Vault maps used:
D:1:      dpeg_cavernosity
D:2:      first_bread, uniq_natasha

Notes
Turn   | Place    | Note
--------------------------------------------------------------
     0 | D:1      | MistressOfTheDunes the Mummy Monk began the quest for the Orb.
     0 | D:1      | Reached XP level 1. HP: 18/18 MP: 1/1
   358 | D:1      | Reached XP level 2. HP: 24/24 MP: 2/2
   504 | D:1      | HP: 1/24 [goblin (3)]
   845 | D:1      | Reached skill level 4 in Unarmed Combat
  1150 | D:2      | Reached XP level 3. HP: 27/29 MP: 3/3
  1979 | D:1      | Mangled by a gnoll

Vanquished Creatures
  2 gnolls (D:1)
  A dart slug (D:1)
  3 giant cockroaches (D:1)
  3 hobgoblins
  6 kobolds (D:1)
  10 bats
  3 giant newts (D:1)
  4 goblins
  5 rats
37 creatures vanquished.
